 Dungeon Crawl Stone Soup version 0.25-a0-24-g72dcfe0359 (webtiles) character file.

Game seed: 5896520109021578927, levelgen mode: deterministic

356 Arixos the Magician (level 6, -2/44 HPs)
             Began as a Gnoll Wizard on Oct 17, 2019.
             Killed by divine providence
             ... invoked by an orc priest
              (16 damage)
             ... on level 4 of the Dungeon.
             The game lasted 00:12:12 (3239 turns).

Arixos the Magician (Gnoll Wizard)                  Turns: 3239, Time: 00:12:13

Health: -2/44      AC:  1    Str:  9    XL:     6   Next: 63%
Magic:  13/16      EV: 15    Int: 22    God:
Gold:   194        SH:  0    Dex: 14    Spells: 8/19 levels left

rFire    . . .     SeeInvis .   c - +0 spear (flame)
rCold    . . .     Gourm    .   (no shield)
rNeg     . . .     Faith    .   y - -2 robe (curse)
rPois    .         Spirit   .   b - +0 hat
rElec    .         Reflect  .   v - +0 cloak
rCorr    .         Harm     .   (no gloves)
MR       .....                  (no boots)
Stlth    +++.......             u - amulet of magic regeneration
HPRegen  0.14/turn              n - ring of wizardry
MPRegen  0.40/turn              (no ring)

@: no status effects
A: distributed training, fangs 1, strong nose
a: no special abilities


You were on level 4 of the Dungeon.
You were not hungry.

You visited 1 branch of the dungeon, and saw 4 of its levels.

You collected 194 gold pieces.

Inventory:

Hand Weapons
 c - a +0 spear of flaming (weapon)
Missiles
 g - 8 curare-tipped darts (quivered)
 q - 27 poisoned darts
Armour
 a - a +0 robe
 b - a +0 hat (worn)
 v - a +0 cloak (worn)
 y - a cursed -2 robe (worn)
Jewellery
 n - a ring of wizardry (left hand)
 u - an amulet of magic regeneration (around neck)
 x - an uncursed ring of wizardry
Scrolls
 h - 4 scrolls of magic mapping {unknown}
 i - 7 scrolls of identify {unknown}
 j - 5 scrolls of remove curse {unknown}
 l - a scroll of random uselessness {unknown}
 p - a scroll of fog {unknown}
 r - a scroll of fear {unknown}
 s - 4 scrolls of blinking {unknown}
 t - 3 scrolls of teleportation {unknown}
Potions
 e - a potion of berserk rage {unknown}
 f - 3 potions of lignification {unknown}
 k - 2 potions of agility {unknown}
 m - 2 potions of curing {unknown}
 o - a potion of heal wounds {unknown}
 z - a potion of resistance {unknown}
Comestibles
 d - 5 rations
 w - 3 chunks of flesh


   Skills:
 + Level 2.0 Fighting
 + Level 2.0 Short Blades
 + Level 2.0 Long Blades
 + Level 2.0 Axes
 + Level 2.0 Maces & Flails
 + Level 2.0 Polearms
 + Level 2.0 Staves
 + Level 2.0 Slings
 + Level 2.0 Bows
 + Level 2.0 Crossbows
 + Level 2.0 Throwing
 + Level 2.0 Armour
 + Level 5.0 Dodging
 + Level 4.6 Stealth
 + Level 2.0 Shields
 + Level 2.0 Unarmed Combat
 + Level 7.4 Spellcasting
 + Level 2.6 Conjurations
 + Level 1.6 Hexes
 + Level 1.6 Charms
 + Level 2.6 Summonings
 + Level 1.6 Necromancy
 + Level 2.6 Translocations
 + Level 1.6 Transmutations
 + Level 1.6 Fire Magic
 + Level 1.6 Ice Magic
 + Level 1.6 Air Magic
 + Level 1.6 Earth Magic
 + Level 1.6 Poison Magic
 + Level 2.2 Invocations
 + Level 2.0 Evocations


You had 8 spell levels left.
You knew the following spells:

 Your Spells              Type           Power        Failure   Level  Hunger
a - Magic Dart            Conj           ###.         1%          1    None
c - Mephitic Cloud        Conj/Pois/Air  ###.....     4%          3    None
e - Blink                 Tloc           N/A          1%          2    None
f - Conjure Flame         Conj/Fire      ###.....     4%          3    None
q - Call Imp              Summ           ###.....     1%          2    None

Your spell library contained the following spells:

 Spells                   Type           Power        Failure   Level  Hunger
 Slow                     Hex            ###.....     2%          2    None


Dungeon Overview and Level Annotations

Branches:
Dungeon (4/15)
 Temple: D:4-7

Altars:
Dithmenos
Okawaru


Innate Abilities, Weirdness & Mutations

Your experience applies equally to all skills.
You have very sharp teeth.
Your uncanny sense of smell can sniff out nearby items.


Message History

You hit the orc priest but do no damage.
The orc priest is heavily wounded.
Casting: Conjure Flame (safe; 4% risk of failure)
Confirm with . or Enter, or press ? or * to list all spells.
Aiming: Conjure Flame (safe; 4% risk of failure)
Press: ? - help, Dir - move target cursor, p - orc priest The fire ignites!
The orc priest mumbles some strange prayers to Beogh against you.
Beogh smites you!
You are too injured to fight recklessly!
Casting: Conjure Flame (safe; 4% risk of failure)
Confirm with . or Enter, or press ? or * to list all spells.
Aiming: Magic Dart (safe; 1% risk of failure)
Press: ? - help, Shift-Dir - straight line, f - orc priest
Aim: an orc priest, wielding a +0 club and wearing a +0 ring mail (heavily wounded)
The magic dart hits the orc priest.
The orc priest is almost dead.
The orc priest invokes the aid of Beogh against you.
Beogh smites you!
You die...

...##....#..####........##..>....
...#.....##.##..................#
...#............####.##....#....#
...............## #.####..##...#
..##..........### ##..####.......
.####...........###..).....#...##
..###............##o.......##.##
.##..##..........#ooo####### ##
(....#...##.....@ยง#.........
...#.#..####.........#...#..
........###.................
........#.........##.#...#..
#.......<.........###.......
##..................#############
#.#..................#.#.........
.......)..#.........##.####......
.........#####.......#.####......


You could see 3 orc priests and an orc.

Vanquished Creatures
  A bullfrog (D:3)
  A scorpion (D:4)
  An orc wizard (D:2)
  A centaur skeleton (D:4)
  Crazy Yiuf (D:3)
  A worker ant (D:4)
  6 adders
  A howler monkey skeleton (D:4)
  An ooze (D:3)
  2 worms
  A dart slug (D:4)
  3 leopard geckos
  8 orcs
  A ball python (D:3)
  4 bats (D:1)
  3 giant cockroaches
  11 goblins
  4 hobgoblins (D:2)
  6 jackals
  4 kobolds
  A frilled lizard (D:1)
  4 rats
66 creatures vanquished.

Vanquished Creatures (collateral kills)
  A jackal (D:4)
  A quokka (D:4)
2 creatures vanquished.

Grand Total: 68 creatures vanquished

Notes
Turn   | Place    | Note
-------+----------+-------------------------------------------
     0 | D:1      | Arixos the Gnoll Wizard began the quest for the Orb.
     0 | D:1      | Reached XP level 1. HP: 13/13 MP: 8/8
   175 | D:1      | Reached XP level 2. HP: 19/19 MP: 10/10
   179 | D:1      | Learned a level 2 spell: Blink
   781 | D:2      | Found a shadowy altar of Dithmenos.
   796 | D:2      | Reached XP level 3. HP: 25/25 MP: 9/11
   800 | D:2      | Learned a level 2 spell: Call Imp
   804 | D:2      | Learned a level 3 spell: Conjure Flame
   808 | D:2      | Learned a level 3 spell: Mephitic Cloud
   842 | D:2      | Found an iron altar of Okawaru.
   900 | D:2      | Reached skill level 1 in Invocations
   922 | D:2      | Reached skill level 1 in Fighting
   922 | D:2      | Reached skill level 1 in Short Blades
   922 | D:2      | Reached skill level 1 in Long Blades
   922 | D:2      | Reached skill level 1 in Axes
   922 | D:2      | Reached skill level 1 in Maces & Flails
   922 | D:2      | Reached skill level 1 in Polearms
   922 | D:2      | Reached skill level 1 in Staves
   922 | D:2      | Reached skill level 1 in Slings
   922 | D:2      | Reached skill level 1 in Bows
   922 | D:2      | Reached skill level 1 in Crossbows
   922 | D:2      | Reached skill level 1 in Throwing
   922 | D:2      | Reached skill level 1 in Armour
   922 | D:2      | Reached skill level 1 in Shields
   922 | D:2      | Reached skill level 1 in Unarmed Combat
   922 | D:2      | Reached skill level 1 in Evocations
  1038 | D:2      | Reached XP level 4. HP: 32/32 MP: 4/13
  1749 | D:3      | Noticed a bullfrog
  1757 | D:3      | Reached skill level 1 in Hexes
  1757 | D:3      | Reached skill level 1 in Charms
  1757 | D:3      | Reached skill level 1 in Necromancy
  1757 | D:3      | Reached skill level 1 in Transmutations
  1757 | D:3      | Reached skill level 1 in Fire Magic
  1757 | D:3      | Reached skill level 1 in Ice Magic
  1757 | D:3      | Reached skill level 1 in Air Magic
  1757 | D:3      | Reached skill level 1 in Earth Magic
  1757 | D:3      | Reached skill level 1 in Poison Magic
  1758 | D:3      | Killed a bullfrog
  1758 | D:3      | Reached XP level 5. HP: 37/37 MP: 5/14
  1785 | D:2      | HP: 1/37 [something (4)]
  2480 | D:3      | Found a runed translucent door.
  2481 | D:3      | Noticed Crazy Yiuf
  2494 | D:3      | Killed Crazy Yiuf
  2494 | D:3      | Reached XP level 6. HP: 44/44 MP: 14/16
  3066 | D:4      | Reached skill level 5 in Dodging
  3239 | D:4      | Killed from afar by an orc priest

Levels and vault maps discovered:
D:1:      minmay_arrival_radiant_lines, layout_basic
D:2:      layout_loops_ring, overflow_temple_1_default,
          grunt_dithmenos_smoke_and_mirrors, first_ration, minmay_unequal
D:3:      layout_loops_cross, uniq_crazy_yiuf_cottage
D:4:      layout_cave_pools, lemuel_crystal_altar,
          lemuel_coloured_pillars_altar, minmay_temple_entry_waves

Skill      XL: |  1  2  3  4  5  6 |
---------------+-------------------+-----
Conjurations   | 2 |  2.6
Summonings     | 2 |  2.6
Translocations | 2 |  2.6
Invocations    | 1 2 |  2.2
Fighting       | 1 2 |  2.0
Short Blades   | 1 2 |  2.0
Long Blades    | 1 2 |  2.0
Axes           | 1 2 |  2.0
Maces & Flails | 1 2 |  2.0
Polearms       | 1 2 |  2.0
Staves         | 1 2 |  2.0
Slings         | 1 2 |  2.0
Bows           | 1 2 |  2.0
Crossbows      | 1 2 |  2.0
Throwing       | 1 2 |  2.0
Armour         | 1 2 |  2.0
Shields        | 1 2 |  2.0
Unarmed Combat | 1 2 |  2.0
Evocations     | 1 2 |  2.0
Hexes          | 1 |  1.6
Charms         | 1 |  1.6
Necromancy     | 1 |  1.6
Transmutations | 1 |  1.6
Fire Magic     | 1 |  1.6
Ice Magic      | 1 |  1.6
Air Magic      | 1 |  1.6
Earth Magic    | 1 |  1.6
Poison Magic   | 1 |  1.6
Dodging        | 5 |  5.0
Stealth        | |  4.6
Spellcasting   | |  7.4

Action                   |  1- 3 |  4- 6 || total
-------------------------+-------+-------++-------
Melee: Spear             |    23 |    98 ||   121
       Bite              |       |     5 ||     5
 Cast: Magic Dart        |    41 |    70 ||   111
       Conjure Flame     |     2 |    11 ||    13
       Mephitic Cloud    |       |     4 ||     4
       Call Imp          |       |     7 ||     7
 Stab: Sleeping          |     3 |       ||     3
       Confused          |       |     1 ||     1
       Distracted        |       |     1 ||     1
  Eat: Chunk             |       |     7 ||     7
Armor: Robe              |     1 |     5 ||     6
Dodge: Dodged            |    13 |    26 ||    39

Table legend:
 A = Non-vault XP
 B = Vault XP
 C = Vault XP percentage of total XP
 D = Non-vault monster count
 E = Vault monster count
 F = Vault count percentage of total count
                 A         B        C        D         E       F
            +---------+---------+-------+---------+---------+-------
      Total |     444 |      65 |  12.8 |      64 |       4 |   5.9
            +---------+---------+-------+---------+---------+-------
        D:1 |      26 |       0 |   0.0 |      15 |       0 |   0.0
        D:2 |      88 |      28 |  24.1 |      14 |       3 |  17.6
        D:3 |     157 |      37 |  19.1 |      24 |       1 |   4.0
        D:4 |     173 |       0 |   0.0 |      11 |       0 |   0.0
            +---------+---------+-------+---------+---------+-------
